 Dungeon Crawl Stone Soup version 0.30.1-3-gfc49f6343a (webtiles) character file.

Game seed: 16756255576664021150

221915 Fecro the Ninja (level 18, -17/90 HPs)
             Began as a Spriggan Brigand on July 27, 2023.
             Was the Champion of Dithmenos.
             Killed from afar by an ice dragon (37 damage)
             ... with a blast of cold
             ... on level 15 of the Dungeon on July 28, 2023.
             The game lasted 04:43:57 (40995 turns).

Fecro the Ninja (Spriggan Brigand)                 Turns: 40995, Time: 04:43:58

Health: -17/90     AC: 13    Str:  7    XL:     18   Next: 89%
Magic:  0/25       EV: 44    Int: 17    God:    Dithmenos [******]
Gold:   2859       SH:  8    Dex: 35    Spells: 26/26 levels left

rFire   . . .        C - +8 dagger of Fimbulwinter {heavy, Dex+2}
rCold   . . .        E - +1 buckler {rC+}
rNeg    . . .        e - +3 troll leather armour
rPois   .            q - +2 hat
rElec   .            c - +0 cloak
rCorr   .            (gloves unavailable)
SInv    +            (boots unavailable)
Will    +++..        J - amulet of Jalezimo {Spirit rC- Int+4 Dex+5} Stlth **********
                     K - +4 ring of slaying
HPRegen 1.15/turn    H - +6 ring of dexterity
MPRegen 0.19/turn

%: guardian spirit
@: wreathed by umbra, studying Maces & Flails, very quick
A: very small, no large weapons, unfitting armour, see invisible, speed 3,
hooves 1, iridescent scales 1, clumsy 1, screaming 1, wild magic 1
a: Renounce Religion, Shadow Step, Shadow Form


You were on level 15 of the Dungeon.
You worshipped Dithmenos.
Dithmenos was exalted by your worship.
You visited 9 branches of the dungeon, and saw 31 of its levels.
You visited 1 bazaar.
You also visited: Bailey, Ice Cave and Volcano.

You collected 3719 gold pieces.
You spent 860 gold pieces at shops.

Inventory:

Hand Weapons
 l - a +8 heavy shortbow
 C - the +8 dagger of Fimbulwinter (weapon) {heavy, Dex+2}
   (You acquired it on level 9 of the Dungeon)

   Dex:       It affects your dexterity (+2).
Missiles
 d - 27 poisoned darts
 R - 2 boomerangs
Armour
 c - a +0 cloak (worn)
 e - a +3 troll leather armour (worn)
 o - +0 fire dragon scales
 q - a +2 hat (worn)
 E - a +1 buckler of cold resistance (worn)
 S - a +2 robe of cold resistance
Jewellery
 j - a ring of flight
 m - a ring of ice
 n - a ring of resist corrosion
 v - a ring of poison resistance
 x - a ring of fire
 H - a +6 ring of dexterity (right hand)
 J - the amulet of Jalezimo (around neck) {Spirit rC- Int+4 Dex+5}
   (You bought it in a shop on level 11 of the Dungeon)

   [amulet of guardian spirit]

   It causes incoming damage to be divided between your reserves of health and
   magic.
   Int:       It affects your intelligence (+4).
   Dex:       It affects your dexterity (+5).
   rC:        It makes you vulnerable to cold.
 K - a +4 ring of slaying (left hand)
 O - an amulet of regeneration
Wands
 s - a wand of polymorph (8)
 u - a wand of quicksilver (4)
 D - a wand of digging (16)
 F - a wand of iceblast (25)
 G - a wand of flame (7)
 Q - a wand of paralysis (20) (quivered)
Scrolls
 a - a scroll of fog
 r - 11 scrolls of teleportation
 w - 3 scrolls of fear
 y - 18 scrolls of identify
 z - a scroll of silence
 B - a scroll of blinking
 L - 3 scrolls of magic mapping
Potions
 b - 4 potions of flight
 f - 3 potions of magic
 g - 9 potions of curing
 h - 4 potions of resistance
 i - 8 potions of ambrosia
 k - 4 potions of cancellation
 p - 2 potions of berserk rage
 t - a potion of invisibility
 A - 2 potions of brilliance
 M - 4 potions of heal wounds
 N - a potion of haste
Miscellaneous
 I - a lightning rod (4/4)
 P - a phantom mirror (inert)


   Skills:
 + Level 8.1 Fighting
 * Level 11.8 Short Blades
 + Level 9.8 Ranged Weapons
 + Level 16.8 Throwing
 + Level 4.6 Armour
 * Level 18.7 Dodging
 O Level 27 Stealth
 - Level 1.0 Shields
 * Level 4.6 Spellcasting
 * Level 4.3 Hexes
 * Level 6.1 Translocations
 + Level 5.1 Evocations


You had 26 spell levels left.
You didn't know any spells.
Your spell library contained the following spells:

 Spells                   Type           Power      Damage    Failure   Level
 Lesser Beckoning         Tloc           64%        N/A       7%          2
 Portal Projectile        Hex/Tloc       56%        N/A       19%         3
 Confusing Touch          Hex            24%        N/A       26%         3
 Tukima's Dance           Hex            24%        N/A       26%         3
 Volatile Blastmotes      Fire/Tloc      36%        2d13      38%         3
 Beastly Appendage        Tmut           10%        N/A       45%         1
 Foxfire                  Conj/Fire      20%        2x1d5     45%         1
 Magic Dart               Conj           20%        1d4       45%         1
 Sandblast                Erth           10%        2d5       45%         1
 Shock                    Conj/Air       20%        1d4       45%         1
 Sting                    Tmut/Pois      20%        1d4       45%         1
 Dazzling Flash           Conj/Hex       28%        N/A       50%         3
 Summon Guardian Golem    Hex/Summ       14%        N/A       50%         3
 Call Imp                 Summ           10%        N/A       58%         2
 Passwall                 Tmut/Erth      4%         N/A       58%         2
 Poisonous Vapours        Pois/Air       10%        N/A       58%         2
 Wereblood                Tmut           5%         N/A       58%         2
 Iskenderun's Mystic Bla  Conj/Tloc      18%        2d6       78%         4
 Ignite Poison            Fire/Tmut/Pois 5%         N/A       80%         3
 Mephitic Cloud           Conj/Pois/Air  5%         N/A       80%         3
 Spider Form              Tmut/Pois      5%         N/A       80%         3
 Stone Arrow              Conj/Erth      10%        3d7       80%         3
 Swiftness                Air            5%         N/A       80%         3
 Fulminant Prism          Conj/Hex       7%         3d7       88%         4
 Airstrike                Air            2%         2d(1-17)  99%         4
 Animate Armour           Summ/Erth      10%        N/A       99%         4
 Animate Dead             Necr           5%         N/A       99%         4
 Olgreb's Toxic Radiance  Pois           5%         N/A       99%         4
 Sticky Flame             Conj/Fire      5%         2d3       99%         4
 Summon Lightning Spire   Summ/Air       5%         N/A       99%         4
 Silence                  Hex/Air        7%         N/A       99%         5
 Dispersal                Tloc           16%        N/A       99%         6
 Agony                    Necr           5%         N/A       100%        5
 Borgnjor's Vile Clutch   Necr/Erth      2%         N/A       100%        5
 Fireball                 Conj/Fire      2%         3d4       100%        5
 Freezing Cloud           Conj/Ice/Air   2%         6-21      100%        5
 Lee's Rapid Deconstruct  Erth           2%         3d5*      100%        5
 Death Channel            Necr           2%         N/A       100%        6
 Plasma Beam              Fire/Air       2%         2x1d14    100%        6
 Starburst                Conj/Fire      2%         6d3       100%        6
 Statue Form              Tmut/Erth      3%         N/A       100%        6
 Enfeeble                 Hex            12%        N/A       100%        7
 Orb of Destruction       Conj           2%         9d5       100%        7
 Spellforged Servitor     Conj/Summ      2%         N/A       100%        7
 Ignition                 Fire           2%         3d3       100%        8
 Lehudib's Crystal Spear  Conj/Erth      2%         10d2      100%        8
 Shatter                  Erth           2%         3d6*      100%        9


Dungeon Overview and Level Annotations

Branches:
Dungeon (15/15)            Temple (1/1) D:7            Lair (5/5) D:9
 Shoals (1/4) Lair:2       Spider (1/4) Lair:2        Slime (2/5) Lair:4
    Orc (2/2) D:11            Elf (3/3) Orc:2        Vaults (0/5) D:13
 Depths (1/4) D:15         Bailey (visited)           IceCv (visited)
Volcano (visited)

Altars:
Ashenzari
Cheibriados
Dithmenos
Elyvilon
Fedhas
Gozag
Hepliaklqana
Kikubaaqudgha
Makhleb
Nemelex Xobeh
Okawaru
Qazlal
Ru
Trog
Uskayaw
Vehumet
Wu Jian
Xom
Yredelemnul
Zin
The Shining One

Shops:
D:11 [=   D:13 :   Orc:2 *[?   Elf:1 :   Elf:2 =::   Shoals:1 :

Annotations:
D:5 1 runed translucent door, cdecastro's ghost, novice TrFi
Temple 2 transporters


Innate Abilities, Weirdness & Mutations

You are very small and have problems with some larger weapons.
You are too small for most types of armour.
You have supernaturally acute eyesight. (SInv)
You cover ground extremely quickly. (Speed+++)
You have large cloven feet.
You are partially covered in iridescent scales. (AC +2)
You are clumsy. (Dex -2)
You occasionally shout uncontrollably at your foes.
Your spells are a little harder to cast, but a little more powerful.


Message History

The frost giant casts a spell at you. The bolt of cold misses you.
You hear a shout!
There is a staircase back to the Dungeon, spattered with blood here.
You see here 4 large rocks.
A deep troll shaman comes into view.
An ice dragon comes into view.
A deep troll comes into view.
You see here a +0 spear.
You yell at the iron troll!
An iron troll comes into view.
The deep troll shaman shouts!
The iron troll shouts!
The deep troll shaman shouts!
The deep troll shouts!
The ice dragon roars deafeningly!
You hear a shout! x5; You hear two shouts!
You hear a shout!
Items here: ) [[ †.
Okay, then.
The deep troll shaman calls upon its god to strengthen the deep troll.
The deep troll seems to grow stronger.
You see here a +0 spear.
You see here 4 large rocks.
There is a staircase back to the Dungeon, spattered with blood here.
The ice dragon breathes frost at you. The blast of cold misses you.
The rakshasa weaves an illusion.
The ice dragon shimmers and seems to become two!
A frost giant comes into view.
It is wielding a +4 battleaxe of freezing.
The ice dragon breathes frost at you. The blast of cold hits you!!!
The ice dragon misses you. The ice dragon completely misses you.
You block the ice dragon's attack.
You hear a shout!
You climb upwards.
Welcome back to the Dungeon!
There is a staircase to the Depths, spattered with blood here.
Things that are here:
a +0 robe; a +0 dagger The ice dragon breathes frost at you.
The blast of cold hits you!!!
* * * LOW HITPOINT WARNING * * *
You emit a cloud of dark smoke.
The blast of cold hits you!!!
You die...

#..........#...........######....
#..........############.....#.u..
#..........## #...#.#....
######......######### #...#.#..(.
#.......##.....###.[.#.###'#
#......##...)...##)..#'###.#
#......#..#####).#.##......#
######......#..#§)[#.)#)##......#
....))......#[.§@§.#).'.##......#
######......#[.#§D.#..#.##......#
.#..........#..#####..#.##......#
.#.###......##.[.)[..##.##.......
.#.# #......###.....###.##.....#.
.#.# #......# ####### #.###.####.
.#.# #......# ######.# #.# #.
.#.# #......######...##.# #.####.
.#.# #########.....#.##.# #.....#


You could see an ice dragon (catching breath).

Vanquished Creatures
  the Enchantress (D:15)
  Asterion (Elf:2)
  2 deep elf master archers (Elf:3)
  3 deep elf blademasters
  Roxanne (D:15)
  2 tengu reavers
  A storm dragon (Depths:1)
  2 rockslimes (Slime:2)
  A frost giant (Depths:1)
  5 deep elf sorcerers
  2 stone giants (Depths:1)
  6 deep elf elementalists
  2 spriggan defenders (Depths:1)
  An orc warlord (Orc:1)
  Nessos (D:14)
  4 deep elf demonologists (Elf:3)
  3 very ugly things (D:15)
  3 deep elf annihilators (Elf:3)
  A spark wasp (Depths:1)
  3 ettins
  5 deep elf death magi
  A deep elf high priest (Elf:3)
  A rakshasa (Depths:1)
  An entropy weaver (Spider:1)
  Erolcha (D:9)
  Fannar (D:10)
  An ice dragon (D:15)
  2 great orbs of eyes
  An ogre mage (D:15)
  A death knight (D:15)
  5 boulder beetles
  2 hydras
  2 spriggan air magi (D:15)
  2 catoblepae (Lair:4)
  5 two-headed ogres
  6 centaur warriors
  25 dancing weapons
  12 death yaks
  2 tengu warriors
  7 orc high priests
  2 spriggan berserkers
  15 deep elf knights
  Nergalle (Lair:1)
  Amaemon (D:11)
  A hell knight (Depths:1)
  4 skeletal warriors
  A skyshark (Lair:4)
  A death drake (shapeshifter) (D:13)
  A deep troll (shapeshifter) (D:15)
  2 deep trolls
  A swamp dragon (Lair:5)
  A phantasmal warrior (D:15)
  15 deep elf archers
  A lindwurm (D:13)
  A necromancer (D:15)
  An orange crystal statue (Elf:3)
  5 wizards
  43 deep elf pyromancers
  An orc knight (Orc:2)
  2 wolf spiders
  6 orc sorcerers
  27 deep elf zephyrmancers
  8 cyclopes
  27 ugly things
  7 manticores
  A shining eye (shapeshifter) (D:14)
  10 black mambas
  2 elephants (Lair:1)
  A moth of wrath (Spider:1)
  A centaur zombie (D:15)
  A guardian serpent (Lair:5)
  A naga mage (D:15)
  A centaur skeleton (D:15)
  2 eyes of devastation (Slime:1)
  2 gargoyles
  15 cane toads
  An orange demon (D:11)
  2 rime drakes
  6 komodo dragons
  An unseen horror (D:10)
  4 tengu conjurers
  A freezing wraith (IceCv)
  A harpy zombie (D:15)
  3 polar bears (Lair:3)
  6 meliai (D:15)
  6 trolls
  Prince Ribbit (D:9)
  3 tarantellas (Spider:1)
  Grinder (D:5)
  20 blink frogs
  5 hornets
  5 dream sheep (Lair:4)
  3 jumping spiders (Spider:1)
  6 wraiths
  3 air elementals
  A centaur simulacrum (D:14)
  17 slime creatures
  2 culicivoras (Spider:1)
  A spriggan (shapeshifter) (D:15)
  A culicivora (shapeshifter) (D:13)
  3 water elementals
  3 vampires
  4 spriggans
  37 yaks
  23 wyverns
  5 basilisks
  A fire bat (D:6)
  5 fire elementals
  6 steam dragons
  11 redbacks
  8 wargs
  3 acid dragons
  12 water moccasins
  6 hell hounds (Volcano)
  6 black bears
  An ice beast (D:5)
  A sky beast (D:8)
  Pargi (D:4)
  4 swamp drakes (Lair:5)
  33 orc warriors
  11 wolves
  5 ogres
  20 centaurs
  A tengu (D:5)
  4 boggarts (D:14)
  A phantom (D:6)
  4 kobold brigands
  15 bullfrogs
  Blork the orc (D:4)
  2 gnoll sergeants
  A scorpion (D:9)
  A cane toad simulacrum (IceCv)
  10 wights
  5 killer bees
  2 elephant simulacra (IceCv)
  6 howler monkeys
  3 electric eels
  3 hounds
  11 jellies
  Crazy Yiuf (D:2)
  A gnoll bouda (D:5)
  17 orc priests
  Jessica (D:2)
  8 iguanas
  29 orc wizards
  A sleepcap (D:5)
  A wolf simulacrum (IceCv)
  20 gnolls
  7 adders
  3 white imps
  4 worms
  2 dart slugs
  112 orcs
  3 endoplasms
  4 giant cockroaches
  6 goblins
  7 hobgoblins
  4 jackals (D:3)
  6 quokkas
  3 ball pythons
  4 bats
  3 frilled lizards
  17 kobolds
  3 rats
986 creatures vanquished.

Vanquished Creatures (collateral kills)
  An orc (Orc:2)
1 creature vanquished.

Vanquished Creatures (others)
  A fire giant (D:15)
  A deep elf elementalist (Elf:3)
  A yak (Lair:4)
3 creatures vanquished.

Grand Total: 990 creatures vanquished

Notes
Turn   | Place    | Note
-------+----------+-------------------------------------------
     0 | D:1      | Fecro the Spriggan Brigand began the quest for the Orb.
     0 | D:1      | Reached XP level 1. HP: 10/10 MP: 2/2
    38 | D:1      | Reached skill level 6 in Stealth
   160 | D:1      | Reached XP level 2. HP: 14/14 MP: 3/3
   858 | D:2      | Reached skill level 7 in Stealth
   858 | D:2      | Reached XP level 3. HP: 18/18 MP: 4/4
   862 | D:2      | Found a faded altar of an unknown god.
  1517 | D:2      | Found a runed translucent door.
  1518 | D:2      | Noticed Crazy Yiuf
  1525 | D:2      | Killed Crazy Yiuf
  1526 | D:2      | Reached skill level 8 in Stealth
  1526 | D:2      | Reached XP level 4. HP: 21/22 MP: 5/5
  1596 | D:2      | Noticed Jessica
  1623 | D:2      | Killed Jessica
  1624 | D:2      | Reached XP level 5. HP: 18/26 MP: 6/6
  1780 | D:2      | Gained mutation: Your spells are a little harder to cast,
                  | but a little more powerful. [potion of mutation]
  1780 | D:2      | Gained mutation: You are partially covered in iridescent
                  | scales. (AC +2) [potion of mutation]
  1780 | D:2      | Gained mutation: You are agile. (Dex +4, Str/Int -1)
                  | [potion of mutation]
  1780 | D:2      | Gained mutation: You have large cloven feet. [potion of
                  | mutation]
  1886 | D:2      | Reached skill level 1 in Ranged Weapons
  2578 | D:3      | Reached skill level 9 in Stealth
  2851 | D:3      | Reached XP level 6. HP: 30/30 MP: 7/7
  2935 | D:4      | Noticed Pargi
  2939 | D:4      | Killed Pargi
  3228 | D:4      | Reached skill level 10 in Stealth
  3228 | D:4      | Reached XP level 7. HP: 31/35 MP: 8/8
  3396 | D:4      | Found a bloodstained altar of Trog.
  3396 | D:4      | Found a blossoming altar of Fedhas.
  3565 | D:4      | Noticed Blork the orc
  3570 | D:4      | Killed Blork the orc
  3698 | D:4      | Reached skill level 11 in Stealth
  3875 | D:5      | Entered Level 5 of the Dungeon
  3992 | D:5      | Found a runed translucent door.
  3996 | D:5      | Noticed cdecastro's ghost (novice TrFi)
  4193 | D:5      | Noticed a hornet
  4198 | D:5      | a hornet changed into a wyvern
  4198 | D:5      | Noticed a wyvern
  4203 | D:5      | a wyvern changed into a tengu
  4339 | D:5      | Reached XP level 8. HP: 34/39 MP: 9/9
  5028 | D:5      | Reached skill level 12 in Stealth
  5223 | D:6      | Noticed Grinder
  5294 | D:5      | Killed Grinder
  5332 | D:6      | Reached skill level 5 in Dodging
  5410 | D:5      | Reached skill level 5 in Short Blades
  5727 | D:6      | Reached skill level 5 in Throwing
  6062 | D:6      | Reached XP level 9. HP: 42/43 MP: 10/10
  6472 | D:7      | Reached skill level 13 in Stealth
  6586 | D:7      | Found a staircase to the Ecumenical Temple.
  6594 | Temple   | Entered the Ecumenical Temple
  6594 | Temple   | Found a transporter.
  6594 | Temple   | Found a transporter.
  6596 | Temple   | Found a transporter.
  6596 | Temple   | Found a transporter.
  6607 | Temple   | Became a worshipper of Dithmenos the Shadowed
  6860 | D:7      | Identified the +6 falchion "Sapham" {freeze, Dex+2}
  7115 | D:7      | Reached skill level 14 in Stealth
  7373 | D:8      | Noticed a cyclops
  7505 | D:8      | Noticed a tengu warrior
  8010 | D:8      | Killed a tengu warrior
  8011 | D:8      | Reached skill level 5 in Ranged Weapons
  8011 | D:8      | Reached skill level 1 in Evocations
  8011 | D:8      | Reached XP level 10. HP: 25/49 MP: 11/11
  8152 | D:8      | Noticed a brown ugly thing
  8329 | D:7      | Killed a brown ugly thing
  8805 | D:8      | Reached * piety under Dithmenos
  9071 | D:8      | Reached skill level 15 in Stealth
  9231 | D:8      | Noticed a manticore
  9231 | D:8      | Noticed a manticore
  9231 | D:8      | Noticed a manticore
  9234 | D:8      | Killed a manticore
  9280 | D:8      | Killed a manticore
  9456 | D:8      | Noticed a gargoyle
  9456 | D:8      | Noticed a two-headed ogre
  9584 | D:7      | Killed a gargoyle
  9844 | D:8      | Killed a two-headed ogre
  9845 | D:8      | Reached XP level 11. HP: 54/54 MP: 12/12
 10185 | D:8      | Reached skill level 1 in Armour
 10292 | D:8      | Noticed a centaur warrior
 10312 | D:8      | Killed a centaur warrior
 10421 | D:9      | Noticed Erolcha
 10425 | D:9      | Killed Erolcha
 10657 | D:9      | Reached ** piety under Dithmenos
 10802 | D:9      | Reached skill level 16 in Stealth
 10856 | D:9      | Found a staircase to the Lair.
 10937 | D:9      | Found a white marble altar of Elyvilon.
 10942 | D:9      | Noticed Prince Ribbit
 10949 | D:9      | Killed Prince Ribbit
 11216 | D:9      | Identified a scroll of acquirement
 11216 | D:9      | Acquired the +8 dagger of Fimbulwinter {heavy, Dex+2}
 11467 | Lair:1   | Entered Level 1 of the Lair of Beasts
 12193 | Lair:1   | Noticed Nergalle
 12236 | Lair:1   | Killed Nergalle
 12237 | Lair:1   | Reached XP level 12. HP: 59/59 MP: 13/13
 12238 | Lair:1   | Reached *** piety under Dithmenos
 12512 | Lair:2   | Reached skill level 17 in Stealth
 12518 | Lair:2   | Reached skill level 1 in Shields
 12518 | Lair:2   | Found a radiant altar of Vehumet.
 12682 | Lair:2   | Reached skill level 5 in Fighting
 12706 | Lair:2   | Found a staircase to the Shoals.
 12976 | Lair:2   | Reached skill level 18 in Stealth
 13089 | Lair:2   | Found a hole to the Spider Nest.
 13818 | Lair:3   | Reached skill level 10 in Dodging
 14172 | Lair:3   | Noticed a seven-headed hydra
 14178 | Lair:3   | Killed a seven-headed hydra
 14478 | Lair:3   | Reached skill level 19 in Stealth
 14541 | Lair:4   | Noticed a boulder beetle
 14548 | Lair:4   | Killed a boulder beetle
 14563 | Lair:4   | Noticed a death yak
 14563 | Lair:4   | Noticed a death yak
 14563 | Lair:4   | Noticed a death yak
 14564 | Lair:4   | Noticed a death yak
 14564 | Lair:4   | Noticed a death yak
 14651 | Lair:3   | Killed a death yak
 14651 | Lair:3   | Reached **** piety under Dithmenos
 14705 | Lair:3   | Killed a death yak
 14778 | Lair:4   | Reached XP level 13. HP: 64/64 MP: 14/14
 15034 | Lair:4   | Found a staircase to the Slime Pits.
 15085 | Lair:4   | Got the Commentary on Bringing Forth and Geometries
 15737 | Lair:3   | Reached skill level 10 in Throwing
 16004 | Lair:5   | Entered Level 5 of the Lair of Beasts
 16420 | Lair:4   | Reached skill level 20 in Stealth
 16511 | Lair:5   | Reached ***** piety under Dithmenos
 16760 | Lair:5   | Got the Papyrus of Doom
 16935 | Lair:5   | Noticed a fire dragon
 17112 | Lair:5   | Reached XP level 14. HP: 70/70 MP: 15/15
 17789 | Lair:5   | Reached skill level 21 in Stealth
 18563 | Lair:4   | Paralysed by a great orb of eyes for 3 turns
 18983 | Slime:1  | Entered Level 1 of the Pits of Slime
 19381 | Slime:2  | Noticed a rockslime
 19388 | Slime:2  | Killed a rockslime
 19620 | Slime:2  | Noticed a rockslime
 19622 | Slime:2  | Noticed a rockslime
 19623 | Slime:2  | Noticed a rockslime
 19627 | Slime:2  | Killed a rockslime
 20120 | Shoals:1 | Entered Level 1 of the Shoals
 20124 | Shoals:1 | Found Ihuotutulok's Book Emporium.
 20383 | Spider:1 | Entered Level 1 of the Spider Nest
 21011 | D:10     | Entered Level 10 of the Dungeon
 21037 | D:10     | Found a flagged portal.
 21071 | Bailey   | Entered a bailey
 21094 | Bailey   | Reached ****** piety under Dithmenos
 21482 | Bailey   | Reached skill level 10 in Short Blades
 21482 | Bailey   | Reached skill level 22 in Stealth
 21482 | Bailey   | Reached XP level 15. HP: 74/74 MP: 16/16
 21662 | D:10     | Noticed Fannar
 21668 | D:10     | Killed Fannar
 22054 | D:11     | Found Ciun's Armour Shoppe.
 22870 | D:11     | Noticed Amaemon
 22874 | D:11     | Killed Amaemon
 22998 | D:11     | Found a staircase to the Orcish Mines.
 23012 | Orc:1    | Entered Level 1 of the Orcish Mines
 23492 | Orc:1    | Found a dark tunnel.
 23503 | Volcano  | Entered a volcano
 23608 | Volcano  | Reached skill level 15 in Dodging
 23634 | Volcano  | Reached skill level 23 in Stealth
 23931 | Orc:2    | Entered Level 2 of the Orcish Mines
 23931 | Orc:2    | Found a frozen archway.
 24178 | IceCv    | Entered an ice cave
 24181 | IceCv    | Found a transporter.
 24211 | IceCv    | Found a transporter.
 24292 | Orc:2    | Reached XP level 16. HP: 76/79 MP: 15/17
 24422 | Orc:2    | Found Avufon's Magic Scroll Emporium.
 24559 | Orc:2    | Found a staircase to the Elven Halls.
 25170 | Orc:2    | Found Zamitz's Antique Weapon Emporium.
 25842 | Orc:2    | Found Imio's Antique Armour Shoppe.
 26027 | Orc:2    | Found Muoveh's General Store.
 26123 | Elf:1    | Entered Level 1 of the Elven Halls
 26238 | Elf:1    | Reached skill level 24 in Stealth
 26850 | Elf:1    | Found Xoawk's Self-Improvement Boutique.
 26997 | Elf:1    | Reached skill level 25 in Stealth
 27776 | Elf:2    | Found Yhor's Jewellery Emporium.
 27776 | Elf:2    | Found Wahielyg's Book Boutique.
 27777 | Elf:2    | Found Upnap's Book Boutique.
 27777 | Elf:2    | Noticed Asterion
 27780 | Elf:2    | Killed Asterion
 28050 | Elf:2    | Reached skill level 26 in Stealth
 28050 | Elf:2    | Found a runed translucent gate.
 28051 | Elf:2    | Found a runed translucent gate.
 28051 | Elf:2    | Found a runed translucent gate.
 28062 | Elf:2    | Noticed a deep elf blademaster
 28086 | Elf:2    | Killed a deep elf blademaster
 28168 | Elf:2    | Reached XP level 17. HP: 84/84 MP: 18/18
 28939 | Elf:2    | Reached skill level 15 in Throwing
 29132 | Elf:3    | Entered Level 3 of the Elven Halls
 29351 | Elf:3    | Found a gateway to a bazaar.
 29357 | Bazaar   | Entered a bazaar
 29357 | Bazaar   | Found Plog's Assorted Antiques.
 29357 | Bazaar   | Found Ziddoe's General Store.
 29357 | Bazaar   | Found Syckopey's Magic Scroll Shoppe.
 29359 | Bazaar   | Found Hushulor's Armour Shop.
 29417 | Bazaar   | Bought a scroll of enchant weapon for 127 gold pieces
 29999 | Elf:3    | Noticed a deep elf master archer
 29999 | Elf:3    | Noticed a deep elf blademaster
 30001 | Elf:3    | Reached skill level 27 in Stealth
 30310 | Elf:3    | Noticed a deep elf blademaster
 30319 | Elf:3    | Killed a deep elf blademaster
 30465 | Elf:3    | Noticed a Hell Sentinel
 30942 | Elf:2    | Killed a deep elf blademaster
 31014 | Elf:3    | Noticed a deep elf master archer
 31177 | Elf:3    | Identified the +2 robe of Generosity {Slay+2}
 32228 | Elf:3    | Killed a deep elf master archer
 32501 | Elf:3    | Identified the +0 glaive of Arbitration {venom, rF- Int+4
                  | Dex+8}
 33001 | Elf:3    | Identified the +3 leather armour of Xess {rC+ Dex+3}
 33625 | Elf:3    | Identified the staff of death "Meiwis" {Fragile rN+ Will++
                  | Dex+4}
 33633 | Elf:3    | Identified the staff of death "Fadidaq" {rN+ Str+2 Int+3
                  | Dex+3}
 33658 | Elf:3    | Identified the +7 falchion "Ypru" {antimagic, Dex+3}
 33760 | Elf:3    | Killed a deep elf master archer
 34327 | D:11     | Found Hicken's Jewellery Shoppe.
 34332 | D:11     | Bought the amulet of Jalezimo {Spirit rC- Int+4 Dex+5} for
                  | 733 gold pieces
 34915 | D:12     | Reached skill level 1 in Hexes
 35156 | D:12     | Reached skill level 1 in Translocations
 35630 | D:13     | Reached skill level 1 in Spellcasting
 35640 | D:13     | Reached XP level 18. HP: 88/88 MP: 20/20
 35654 | D:13     | Found Tesaf's Book Shoppe.
 35965 | D:13     | Found a gate to the Vaults.
 36156 | D:14     | Noticed Nessos
 36161 | D:14     | Killed Nessos
 36244 | D:14     | Lost mutation: You are agile. (Dex +4, Str/Int -1) [a
                  | shining eye]
 36249 | D:14     | Gained mutation: You are clumsy. (Dex -2) [a shining eye]
 36257 | D:14     | Gained mutation: You occasionally shout uncontrollably at
                  | your foes. [a shining eye]
 36265 | D:14     | You fall into a shaft and drop 1 floor!
 36265 | D:15     | Entered Level 15 of the Dungeon
 37227 | D:15     | Found a staircase to the Depths.
 37781 | D:15     | Identified Roxanne's Volume of Orogeny
 37781 | D:15     | Noticed Roxanne
 37921 | D:15     | Killed Roxanne
 38453 | Depths:1 | Entered Level 1 of the Depths
 39354 | D:15     | Reached skill level 5 in Translocations
 39831 | Depths:1 | Reached skill level 5 in Evocations
 40084 | Depths:1 | Noticed the Enchantress
 40205 | D:15     | Killed the Enchantress
 40995 | D:15     | Killed from afar by an ice dragon

Illustrated notes

Levels and vault maps discovered:
D:1:      beargit_arrival_diablo_church, layout_basic, nrook_uturn
D:2:      layout_basic, hellmonk_ecumenical_altar_zigzags,
          uniq_crazy_yiuf_cottage, uniq_jessica
D:3:      layout_basic
D:4:      layout_basic, gammafunk_temple_overflow_pools, uniq_pargi,
          uniq_blork_the_orc
D:5:      layout_basic, gammafunk_ghost_grave, roderic_lattice_a
D:6:      layout_rooms, corexii_item_surrounded_by_moat, uniq_grinder
D:7:      layout_basic, minmay_temple_entry_trees
D:8:      minmay_ornate_pinched, layout_basic, minmay_evil_grid
D:9:      layout_roguey, elyvilon_altar_5, grunt_lair_entry_orc_guard_hut,
          hangedman_abyss_or_decor_stagger, uniq_prince_ribbit1, uniq_erolcha
D:10:     layout_loops_ring, enter_bailey_2, uniq_fannar
D:11:     layout_roguey, minmay_orc_entry_guard_dogs, serial_shops,
          nicolae_shop_hallway_plus, shop, uniq_amaemon
D:12:     layout_cross, dreamdust_princess_bridge, minmay_hedge_maze
D:13:     minmay_inside_and_out, layout_rooms, david_vaults_4, serial_shops,
          shop
D:14:     layout_loops_ring, minivault_11, minmay_starry_boxes, uniq_nessos
D:15:     grunt_enter_depths_magical_seal, layout_basic, hangedman_decor_points,
          uniq_roxanne
Temple:   hellmonk_temple_divided_pantheon
Lair:1:   layout_gridlike, grunt_megastairs_1, serial_bayou_shore_b,
          lemuel_fruit_fields, uniq_nergalle
Lair:2:   layout_cellular_growth, elwin_shoals_entry_rocks,
          spider_nest_entry_web_field, basic_altar
Lair:3:   layout_loops_ring, grunt_forest_stairs_clearing
Lair:4:   layout_loops_ring, slime_entry_1, nicolae_lair_yak_garden,
          infiniplex_staircase_pool_2
Lair:5:   hangedman_lair_tendril_chambers, layout_cave_shapes,
          guppyfry_lair_end_dragon
Shoals:1: cheibrodos_shoals_baths, layout_shoals, serial_shops, shop
Spider:1: layout_spider_delve, nicolae_spider_altar_of_dancing
Slime:1:  layout_caves, cheibrodos_slime_lost_civilization_4
Slime:2:  nicolae_slime_jelly_donut, layout_caves, basic_altar,
          nicolae_slime_rock_hall_of_fame
Orc:1:    layout_caves, nicolae_volcano_entry_hallway
Orc:2:    grunt_orc_community_town_hall, layout_diamond_mine,
          grunt_orc_community_big_house_1, grunt_orc_community_big_house_1,
          grunt_orc_community_house_1, grunt_orc_community_house_1,
          grunt_orc_community_house_3, grunt_orc_community_house_1,
          grunt_orc_community_house_1, portal_ice_cave_entry_pillars_2
Elf:1:    nicolae_elf_arrival_no_cutting_in_line, layout_geoelf_diagonals,
          minmay_elf_crystal_heptagon, nicolae_shop_self_help
Elf:2:    nicolae_elf_blades_crystal_corner, layout_geoelf_octagon,
          minmay_shop_grove, uniq_asterion
Elf:3:    grunt_elf_hall_branching, layout_geoelf_castle, serial_shops,
          statue_bzr
Depths:1: minmay_octagon_city, layout_long_grid, hangedman_ru_absence,
          hell_entry, minmay_fractal_squares_gapless_7, uniq_enchantress,
          uniq_saint_roka

Skill      XL: |  1  2  3  4  5  6  7  8  9 10 11 12 13 14 15 16 17 18 |
---------------+-------------------------------------------------------+-----
Stealth        | 6 7 8 9 10 11 12 14 15 16 19 20 22 23 26 27 | 27.0
Dodging        | 2 3 4 5 6 7 8 11 13 14 15 16 17 18 | 18.7
Ranged Weapons | 1 3 5 7 8 9 |  9.8
Short Blades   | 3 4 5 6 7 8 9 10 11 | 11.8
Fighting       | 2 3 4 5 6 7 8 |  8.1
Throwing       | 3 5 6 7 8 9 11 12 14 16 | 16.8
Evocations     | 1 2 3 4 5 |  5.1
Armour         | 2 3 4 |  4.6
Shields        | 1 |  1.0
Hexes          | 1 4 |  4.3
Translocations | 1 6 |  6.1
Spellcasting   | 1 4 |  4.6

Action                     |  1- 3 |  4- 6 |  7- 9 | 10-12 | 13-15 | 16-18 || total
---------------------------+-------+-------+-------+-------+-------+-------++-------
  Melee: Dagger            |    87 |   158 |   386 |   735 |   805 |  1247 ||  3418
         Punch             |     1 |     2 |     4 |     4 |     8 |     3 ||    22
         Kick              |       |    29 |   150 |   329 |   339 |   527 ||  1374
   Fire: Sling             |     5 |       |    90 |    72 |       |       ||   167
         Shortbow          |       |       |       |   153 |   107 |    81 ||   341
  Throw: Dart              |     5 |     5 |    46 |    43 |    12 |    71 ||   182
         Boomerang         |       |     6 |     4 |       |   156 |   271 ||   437
  Evoke: Wand              |       |       |     7 |    15 |    14 |    38 ||    74
         Lightning rod     |       |       |       |       |       |    12 ||    12
         Phantom mirror    |       |       |       |       |       |     3 ||     3
    Use: Scroll            |     7 |     9 |     6 |     6 |     4 |     8 ||    40
         Potion            |       |     2 |       |     1 |     6 |     7 ||    16
   Stab: Sleeping          |     8 |    15 |    20 |    30 |    82 |   131 ||   286
         Distracted        |       |       |       |     3 |     7 |    26 ||    36
         Petrifying        |       |       |       |       |     1 |       ||     1
         Petrified         |       |       |       |       |     1 |       ||     1
         Invisible         |       |       |       |       |     7 |     7 ||    14
 Armour: Robe              |    15 |    26 |    39 |       |     2 |       ||    82
         Steam dragon scal |       |       |     6 |    12 |     6 |       ||    24
         Troll leather arm |       |       |       |    52 |    27 |    54 ||   133
         Acid dragon scale |       |       |       |       |    16 |       ||    16
         Fire dragon scale |       |       |       |       |     7 |    19 ||    26
  Dodge: Dodged            |    56 |    85 |   280 |   705 |   797 |   957 ||  2880
  Block: Buckler           |       |       |       |   102 |   187 |   204 ||   493
